 Dungeon Crawl Stone Soup version 0.28.0 (webtiles) character file.

Game seed: 9227766258381777614

114 lastplaneout the Ruffian (level 4, 0/44 HPs)
             Began as a Troll Berserker on Feb 4, 2022.
             Was a Believer of Trog.
             Killed from afar by Natasha (5 damage)
             ... with a magic dart
             ... on level 2 of the Dungeon.
             The game lasted 00:03:57 (1422 turns).

lastplaneout the Ruffian (Troll Berserker)          Turns: 1422, Time: 00:03:57

Health: 0/44       AC:  4    Str: 27    XL:     4   Next: 67%
Magic:  3/3        EV: 10    Int:  3    God:    Trog [**....]
Gold:   91         SH:  0    Dex:  9    Spells: 3/3 levels left

rFire   . . .      SeeInvis .     - Unarmed
rCold   . . .      Faith    .   (no shield)
rNeg    . . .      Spirit   .   a - +0 animal skin
rPois   .          Reflect  .   (helmet restricted)
rElec   .          Harm     .   (no cloak)
rCorr   .          Rampage  .   (gloves unavailable)
Will    .....                   (boots unavailable)
Stlth   +.........              (no amulet)
HPRegen 0.94/turn               (no ring)
MPRegen 0.08/turn               (no ring)

@: no status effects
A: large, unfitting armour, claws 3, regeneration 1, shaggy fur 1, tough skin 1
a: Renounce Religion, Berserk, Trog's Hand


You were on level 2 of the Dungeon.
You worshipped Trog.
Trog was pleased with you.
You visited 1 branch of the dungeon, and saw 3 of its levels.

You collected 91 gold pieces.

Inventory:

Armour
 a - a +0 animal skin (worn)
Jewellery
 k - a ring of see invisible
Scrolls
 c - a scroll of fear {unknown}
 d - a scroll of immolation {unknown}
 g - 2 scrolls of identify {unknown}
 h - a scroll of blinking {unknown}
 i - a scroll of enchant weapon {unknown}
 j - 2 scrolls of teleportation {unknown}
Potions
 b - 2 potions of mutation {unknown}
 e - a potion of flight {unknown}
 f - 2 potions of ambrosia {unknown}
 l - a potion of resistance {unknown}


   Skills:
 - Level 2.4 Fighting
 - Level 2.4 Dodging
 + Level 5.5 Unarmed Combat


You had 3 spell levels left.
You didn't know any spells.
Your spell library was empty.

Dungeon Overview and Level Annotations

Branches:
Dungeon (3/15)

Altars:

Annotations:
D:2 Natasha


Innate Abilities, Weirdness & Mutations

You are too large for most types of armour.
You have claws for hands.
Your natural rate of healing is unusually fast.
You are covered in fur. (AC +1)
You have tough skin. (AC +1)


Message History

Natasha is heavily wounded.
Natasha claws you.
You hit Natasha but do no damage.
Natasha is heavily wounded.
The crimson imp closely misses you. Natasha claws you!
You hit Natasha.
Natasha is heavily wounded.
The crimson imp closely misses you. Natasha misses you.
You closely miss Natasha.
Natasha is heavily wounded.
The crimson imp hits you.
You closely miss Natasha.
Natasha is heavily wounded.
Your transformation is almost over.
Natasha closely misses you. The crimson imp misses you.
You closely miss Natasha.
Natasha is heavily wounded.
Natasha claws you. The crimson imp hits you.
You closely miss Natasha.
Natasha is heavily wounded.
Natasha claws you! The crimson imp closely misses you.
You hit Natasha.
Natasha is severely wounded.
Natasha claws you. The crimson imp hits you.
You barely miss Natasha.
Natasha is severely wounded.
Natasha casts a spell at you. The magic dart hits you.
* * * LOW HITPOINT WARNING * * *
The crimson imp hits you.
* * * LOW HITPOINT WARNING * * *
The crimson imp disappears in a puff of smoke!
Natasha casts a spell at you. The magic dart hits you!
* * * LOW HITPOINT WARNING * * *
You feel less porcine.
Your +0 animal skin unmelds from your body.
Natasha casts a spell at you. The magic dart hits you.
You die...

...###..#.#####.#....#...######..
..†..................#....####...
...#.............................
...#.#..#...#....................
...#.#..#.....#..##..#...........
........#.#.#.#..##..###...#.....
...............).##..............
#..#.#..#.#.#.#.)#...............
............#.#)@..h.###...##....
#..#.#......#.#..#...###...##....
#..#.#......#.#..#....##...##....
......................##...##....
...#.#.....##.#..##...##...###...
.....#.....................###...
.......#...####..##..............
.....#.#...####........#...#.#...
..[..# #.........#.#..##..##...##


You could see Natasha.

Vanquished Creatures
  Natasha (twice) (D:2)
  Robin (D:2)
  A worm (D:3)
  2 ball pythons
  5 endoplasms
  2 giant cockroaches (D:1)
  11 goblins
  7 hobgoblins
  8 bats (D:1)
  5 frilled lizards (D:1)
  2 rats
46 creatures vanquished.

Notes
Turn   | Place    | Note
-------+----------+-------------------------------------------
     0 | D:1      | lastplaneout the Troll Berserker began the quest for the
                  | Orb.
     0 | D:1      | Reached XP level 1. HP: 22/22 MP: 0/0
   218 | D:1      | Reached XP level 2. HP: 26/29 MP: 1/1
   454 | D:1      | Reached ** piety under Trog
   455 | D:1      | Reached skill level 4 in Unarmed Combat
   699 | D:2      | You fall into a shaft and drop 1 floor!
   704 | D:3      | Reached XP level 3. HP: 32/36 MP: 2/2
   775 | D:2      | Noticed Robin
   775 | D:2      | Noticed Natasha
   780 | D:2      | Killed Natasha
   792 | D:2      | Killed Robin
   793 | D:2      | Reached skill level 5 in Unarmed Combat
   793 | D:2      | Reached XP level 4. HP: 23/44 MP: 3/3
  1077 | D:2      | Noticed Natasha
  1089 | D:2      | Killed Natasha
  1359 | D:2      | Found a faded altar of an unknown god.
  1386 | D:2      | Noticed Natasha
  1418 | D:2      | HP: 2/44 [Natasha/magic dart (9)]
  1422 | D:2      | Killed from afar by Natasha

Illustrated notes

Levels and vault maps discovered:
D:1:      minmay_arrival_open_corners, layout_basic, minmay_tetromino_i2
D:2:      layout_basic, nicolae_ecumenical_oubliette, grunt_decor_junction,
          uniq_natasha, uniq_robin
D:3:      layout_rooms, grunt_temple_overflow_lords_of_destruction, minitemple,
          uniq_terence

Skill      XL: |  1  2  3 |
---------------+----------+-----
Unarmed Combat | 4 5 |  5.5
Fighting       | |  2.4
Dodging        | |  2.4

Action                   |  1- 3 |  4- 6 || total
-------------------------+-------+-------++-------
Melee: Unarmed           |    76 |    39 ||   115
       Punch             |     2 |     1 ||     3
Invok: Berserk           |     1 |       ||     1
Armor: Animal skin       |    42 |     6 ||    48
Dodge: Dodged            |    50 |    16 ||    66
